 Dungeon Crawl Stone Soup version 0.27-a0-1186-g8b4daa1eef (webtiles) character file.

Game seed: 17450939211865152836

49 bande the Covered (level 3, -2/23 HPs)
             Began as a Gargoyle Fighter on May 19, 2021.
             Slain by Sigmund
             ... wielding a +1 scythe of holy wrath
              (9 damage)
             ... on level 2 of the Dungeon.
             The game lasted 00:02:23 (1738 turns).

bande the Covered (Gargoyle Fighter)                Turns: 1738, Time: 00:02:23

Health: -2/23      AC: 12    Str: 18 (19) XL:     3   Next: 77%
Magic:  3/3        EV:  5    Int:  5 (8)  God:
Gold:   52         SH:  9    Dex:  8 (10) Spells: 2/2 levels left

rFire    . . .     SeeInvis .   a - +1 war axe
rCold    . . .     Faith    .   c - +0 kite shield
rNeg     + . .     Spirit   .   j - +0 chain mail
rPois    ∞         Reflect  .   (no helmet)
rElec    +         Harm     .   (no cloak)
rCorr    .         Rampage  .   (no gloves)
Will     .....                  (no boots)
Stlth    ..........             (no amulet)
HPRegen  0.07/turn              (no ring)
MPRegen  0.08/turn              (no ring)

@: no status effects
A: sickness immunity, AC +3, negative energy resistance 1, electricity
resistance, torment resistance 1, petrification resistance
a: no special abilities


You were on level 2 of the Dungeon.
You visited 1 branch of the dungeon, and saw 2 of its levels.

You collected 52 gold pieces.

Inventory:

Hand Weapons
 a - a +1 war axe (weapon)
Armour
 c - a +0 kite shield (worn)
 j - a +0 chain mail (worn)
Jewellery
 h - a ring of ice
Potions
 b - a potion of attraction {unknown}
 d - a potion of might
 f - a potion of flight
 i - 3 potions of heal wounds {unknown}


   Skills:
 + Level 3.5 Fighting
 + Level 2.2 Axes
 + Level 4.1 Armour
 + Level 0.1 Dodging
 + Level 3.8 Shields


You had 2 spell levels left.
You didn't know any spells.
Your spell library contained the following spells:

 Spells                   Type           Power      Damage    Failure   Level
 Animate Skeleton         Necr           0%         N/A       100%        1
 Apportation              Tloc           0%         N/A       100%        1
 Corona                   Hex            0%         N/A       100%        1
 Summon Small Mammal      Summ           0%         N/A       100%        1


Dungeon Overview and Level Annotations

Branches:
Dungeon (2/15)

Altars:

Annotations:
D:2 Sigmund


Innate Abilities, Weirdness & Mutations

You are immune to sickness and miasma.
Your stone body is resilient. (AC +3)
You are immune to poison.
You resist negative energy. (rN+)
You are resistant to electric shocks. (rElec)
You are resistant to unholy torment.
You are immune to petrification.


Message History

Your shield and chain mail prevent you from hitting the goblin.
The goblin is moderately wounded.
The ball python hisses angrily.
You block the goblin's attack.
You closely miss the goblin.
The goblin is moderately wounded.
The goblin hits you with a +0 club. You block the goblin's attack.
You slash the goblin!
You kill the goblin!
The kobold throws a stone.
The stone hits you but does no damage.
The kobold throws a stone.
You block the stone. The kobold hits you but does no damage.
Things that are here:
a +0 club; 20 stones You slash the kobold!
You kill the kobold!
You block the jackal's attack.
You closely miss the jackal.
The jackal bites you but does no damage.
Something hits you but does no damage.
The jackal bites you but does no damage.
Something hits you. The jackal barely misses you.
You hit the jackal but do no damage. The jackal barely misses you.
Something hits you! You block the jackal's attack.
Something hits you but does no damage.
You are too injured to fight recklessly!
You are too injured to fight recklessly!
You are too injured to fight recklessly!
You are too injured to fight recklessly!
You are too injured to fight recklessly!
You are too injured to fight recklessly!
You are too injured to fight recklessly!
You are too injured to fight recklessly!
You are too injured to fight recklessly!
You feel better. You block the jackal's attack. Something hits you!
You block the jackal's attack.
The jackal bites you but does no damage.
You closely miss the jackal. You block the jackal's attack. x2
Something hits you!
You die...

........#####.
........#####.
.......†...>#.
..............
...#.######...
.. #..........
##. #
#######..
##.## #..
##@#.## #..
##.#h#.## #..
##.#.#.#.##
#..
##.#.###S#.##
### ##.#.##
##.#.# #
##.#.## ##)# #
##.#.## ##)# #
##.#.## #.#
#.#.## #.# #


You could see a jackal and a ball python.

Vanquished Creatures
  An adder (D:2)
  7 endoplasms
  3 giant cockroaches
  3 goblins
  3 hobgoblins
  5 jackals
  A quokka (D:2)
  A ball python (D:2)
  4 bats
  6 frilled lizards
  A kobold (D:2)
  2 rats
37 creatures vanquished.

Notes
Turn   | Place    | Note
-------+----------+-------------------------------------------
     0 | D:1      | bande the Gargoyle Fighter began the quest for the Orb.
     0 | D:1      | Reached XP level 1. HP: 14/14 MP: 1/1
   368 | D:1      | Reached XP level 2. HP: 19/19 MP: 2/2
   552 | D:1      | Found a faded altar of an unknown god.
  1013 | D:2      | Reached XP level 3. HP: 20/23 MP: 3/3
  1365 | D:2      | Reached skill level 4 in Armour
  1718 | D:2      | Noticed Sigmund
  1738 | D:2      | Slain by Sigmund

Illustrated notes

Levels and vault maps discovered:
D:1:      dpeg_arrival_stone_temple_mockup, layout_basic,
          hellmonk_ecumenical_altar_inner_sanctum
D:2:      minmay_inner_zag, layout_basic, minmay_lizard_king, uniq_sigmund

Skill      XL: |  1  2  3 |
---------------+----------+-----
Axes           | 2 |  2.2
Armour         | 4 |  4.1
Fighting       | |  3.5
Dodging        | |  0.1
Shields        | |  3.8

Action                   || total
-------------------------++-------
Melee: War axe           ||   124
  Use: Scroll            ||     4
       Potion            ||     3
Armor: Scale mail        ||    50
       Chain mail        ||    44
Dodge: Dodged            ||    35
Block: Kite shield       ||   104

Table legend: (Time is in decaauts)
 A = Elapsed time spent in this place.
 B = Non-inter-level travel time spent in this place.
 C = Inter-level travel time spent in this place.
 D = Time resting spent in this place.
 E = Time spent auto-exploring this place.
 F = Levels seen in this place.
 G = Mean time per level.
                   A        B        C        D        E       F      G
               +--------+--------+--------+--------+--------+-----+--------+
         Total |   1816 |   1816 |      0 |      0 |   1419 |   2 |  908.0 |
       Dungeon |   1816 |   1816 |      0 |      0 |   1419 |   2 |  908.0 |
               +--------+--------+--------+--------+--------+-----+--------+

Top non-repeatable levels by time:
     D:1: 971 daAuts
     D:2: 845 daAuts
